 Dungeon Crawl Stone Soup version 0.26-a0-541-g3b3d21e777 (webtiles) character file.

Game seed: 7885818318798395291

(classic levelgen) 751231 EnegeticOcto the Metallomancer (level 27, -1/319 HPs)
             Began as a White Draconian Wanderer on Aug 16, 2020.
             Was the Champion of Cheibriados.
             Killed from afar by a Brimstone Fiend (49 damage)
             ... with damnation
             ... on level 22 of a ziggurat.
             The game lasted 02:25:34 (71584 turns).

EnegeticOcto the Metallomancer (DrWn)              Turns: 71584, Time: 02:25:34

Health: -1/319     AC: 34    Str: 27    XL:     27
Magic:  34/44      EV: 26    Int: 47    God:    Cheibriados [******]
Gold:   8310       SH: 34    Dex: 23    Spells: 2/61 levels left

rFire    + + +     SeeInvis +   Y - +9 demon blade (elec)
rCold    + + +     Faith    .   L - +8 tower shield {rF+}
rNeg     + + +     Spirit   .   (armour unavailable)
rPois    ∞         Reflect  .   I - +2 hat {Int+3}
rElec    +         Harm     .   G - scarf {repulsion}
rCorr    +                      (gloves currently unavailable)
MR       +++..                  (boots currently unavailable)
Stlth    ++++++....             F - amulet of Uskayaw's Fury {rN++ Regen+ Int+3 Dex-2}
HPRegen  1.03/turn              X - ring of Xom's Flight of Fancy {rPois rF++ rC+ Str-3}
MPRegen  0.29/turn              M - ring "Ynnuidoq" {rF+ MR+ rCorr Int+2 SInv}

@: statue-form, flying, very slightly contaminated, studying 2 skills, repel
missiles, very slow
A: (breathe frost), unfitting armour, big wings, cold resistance 2,
deterioration 1, screaming 2, weak 1, cold-blooded, subdued magic 1, AC +13
}: 4/15 runes: decaying, serpentine, slimy, silver
a: Stop Flying, End Transformation, Bend Time, Temporal Distortion, Slouch, Step
From Time, Renounce Religion


You were on level 22 of a ziggurat.
You worshipped Cheibriados.
Cheibriados was exalted by your worship.
You were a stone statue.
You visited 11 branches of the dungeon, and saw 51 of its levels.
You visited the Abyss 2 times.
You visited 1 bazaar.
You visited 1 ziggurat, and saw 22 of its levels.
You also visited: Gauntlet, Ice Cave and Volcano.

You collected 11887 gold pieces.
You spent 3577 gold pieces at shops.

Inventory:

Hand Weapons
 A - the +5 long sword of the Shouting Butterfly {venom, +Blink Str-2 Int+4}
   (You found it on level 14 of a ziggurat)

   It poisons the flesh of those it strikes.
   It affects your strength (-2).
   It affects your intelligence (+4).
   It lets you blink.
 Y - a +9 demon blade of electrocution (weapon)
Missiles
 i - 2 throwing nets (quivered) {!f}
 n - 6 atropa-tipped darts
 r - 65 silver javelins
 H - 36 curare-tipped darts
Armour
 l - the -2 hat of the Alchemist {rElec rPois rF+ rC+ rN+ MR+ rMut rCorr}
   (You found it on level 13 of a ziggurat)

   It protects you from fire.
   It protects you from cold.
   It insulates you from electricity.
   It protects you from poison.
   It protects you from negative energy.
   It affects your resistance to hostile enchantments.
   It provides partial protection from all sources of acid and corrosion.
   It protects you from mutation.
 m - the +2 hood of the Assassin {Detection Stab+ Stlth++}
   (You found it on level 19 of a ziggurat)

   It makes you much more stealthy.
 s - a +2 pair of boots of flying (melded)
 u - a +2 pair of gloves of dexterity (melded)
 G - a scarf of repulsion (worn)
 I - a +2 hat of intelligence (worn)
 L - a +8 tower shield of fire resistance (worn)
Magical Staves
 k - an uncursed staff of wizardry
Jewellery
 F - the amulet of Uskayaw's Fury (around neck) {rN++ Regen+ Int+3 Dex-2}
   (You found it on level 19 of a ziggurat)

   [amulet of regeneration]

   It affects your intelligence (+3).
   It affects your dexterity (-2).
   It greatly protects you from negative energy.
   It increases your rate of regeneration.
 M - the ring "Ynnuidoq" (right hand) {rF+ MR+ rCorr Int+2 SInv}
   (You took it off an efreet in a Gauntlet)

   [ring of resist corrosion]

   It affects your intelligence (+2).
   It protects you from fire.
   It affects your resistance to hostile enchantments.
   It lets you see invisible.
   It provides partial protection from all sources of acid and corrosion.
 R - the brooch of Shielding {Spirit SH+8}
   (You bought it in a shop in a bazaar)

   [amulet of guardian spirit]

   It causes incoming damage to be split between your health and magic.
   It affects your SH (+8).
 X - the ring of Xom's Flight of Fancy (left hand) {rPois rF++ rC+ Str-3}
   (You bought it in a shop on level 3 of the Vaults)

   [ring of protection from cold]

   It affects your strength (-3).
   It greatly protects you from fire.
   It protects you from cold.
   It protects you from poison.
Wands
 d - a wand of disintegration (21)
 e - a wand of digging (15) {@v3}
 h - a wand of polymorph (26)
 j - a wand of paralysis (94)
 w - a wand of enslavement (36)
 K - a wand of iceblast (64) {@v2}
 W - a wand of acid (22) {@v1}
Scrolls
 b - 42 scrolls of teleportation {@r3 !r}
 f - 7 scrolls of vulnerability
 o - 6 scrolls of blinking {@r4}
 y - 22 scrolls of fog {!r}
 O - 15 scrolls of identify {@r1}
 Q - 5 scrolls of fear {!r}
 U - 6 scrolls of silence
 Z - 7 scrolls of magic mapping {@r5 !r}
Potions
 a - 10 potions of resistance
 c - 27 potions of curing {@q1 !q}
 t - 4 potions of lignification {@q6}
 v - 3 potions of invisibility
 x - 8 potions of ambrosia
 z - 14 potions of cancellation
 B - a potion of magic
 C - 6 potions of heal wounds {@q2 !q}
 D - 5 potions of might {@q3 !q}
 E - 23 potions of mutation
 S - 8 potions of stabbing {@q5 !q}
Books
 g - a manual of Fighting
 q - a manual of Evocations
Miscellaneous
 p - a box of beasts (3/3)
 J - a phial of floods
 N - a condenser vane (1/2)
 P - a tin of tremorstones (1/3)
 V - a phantom mirror


   Skills:
 - Level 20.0 Fighting
 - Level 14.0 Long Blades
 - Level 15.0 Dodging
 - Level 12.5 Stealth
 - Level 22.3 Shields
 + Level 17.7 Spellcasting
 - Level 15.0 Necromancy
 - Level 17.2 Translocations
 - Level 10.0 Transmutations
 - Level 24.0 Earth Magic
 - Level 15.0 Invocations
 + Level 18.8 Evocations


You had 2 spell levels left.
You knew the following spells:

 Your Spells              Type           Power        Failure   Level
a - Apportation           Tloc           ######       0%          1
b - Statue Form           Tmut/Erth      ########.    1%          6
c - Lee's Rapid Deconstr  Erth           ########..   0%          5
d - Passage of Golubria   Tloc           N/A          0%          4
e - Lesser Beckoning      Tloc           ########..   0%          3
f - Yara's Violent Unrav  Hex/Tmut       ######....   1%          5
g - Controlled Blink      Tloc           N/A          3%          8
h - Dispel Undead         Necr           #######.     0%          4
i - Shatter               Erth           ########..   2%          9
j - Irradiate             Conj/Tmut      ######....   1%          5
p - Passwall              Tmut/Erth      ########     0%          2
M - Borgnjor's Vile Clut  Necr/Erth      ########..   0%          5
Y - Blink                 Tloc           N/A          0%          2

Your spell library contained the following spells:

 Spells                   Type           Power        Failure   Level
 Animate Skeleton         Necr           ######       0%          1
 Beastly Appendage        Tmut           ######       0%          1
 Pain                     Necr           ####         0%          1
 Sandblast                Erth           ######       0%          1
 Wereblood                Tmut           #######.     0%          2
 Corona                   Hex            ####...      1%          1
 Foxfire                  Conj/Fire      ####         1%          1
 Freeze                   Ice            ####         1%          1
 Magic Dart               Conj           ####         1%          1
 Shock                    Conj/Air       ####         1%          1
 Sting                    Tmut/Pois      ####         1%          1
 Summon Small Mammal      Summ           ####         1%          1
 Corpse Rot               Necr/Air       N/A          1%          2
 Ensorcelled Hibernation  Hex/Ice        ####..       1%          2
 Poisonous Vapours        Pois/Air       ####..       1%          2
 Searing Ray              Conj           ####..       1%          2
 Slow                     Hex            ####....     1%          2
 Swiftness                Air            ####....     1%          2
 Gell's Gravitas          Tloc           ########..   0%          3
 Stone Arrow              Conj/Erth      ######       0%          3
 Teleport Other           Tloc           ########     0%          3
 Vampiric Draining        Necr           #######...   0%          3
 Animate Dead             Necr           #######...   0%          4
 Petrify                  Tmut/Erth      ########     0%          4
 Call Canine Familiar     Summ           ####....     1%          3
 Confusing Touch          Hex            ####....     1%          3
 Conjure Flame            Conj/Fire      ####....     1%          3
 Dazzling Flash           Conj/Hex       ####..       1%          3
 Frozen Ramparts          Ice            ####..       1%          3
 Ignite Poison            Fire/Tmut/Pois ######..     1%          3
 Inner Flame              Hex/Fire       ####....     1%          3
 Mephitic Cloud           Conj/Pois/Air  ####....     1%          3
 Ozocubu's Armour         Ice            ####....     1%          3
 Portal Projectile        Hex/Tloc       ######       1%          3
 Spider Form              Tmut/Pois      ######....   1%          3
 Static Discharge         Conj/Air       ####....     1%          3
 Tukima's Dance           Hex            ####....     1%          3
 Ice Form                 Ice/Tmut       ######..     1%          4
 Iskenderun's Mystic Bla  Conj/Tloc      #######.     1%          4
 Leda's Liquefaction      Hex/Erth       #######...   1%          4
 Agony                    Necr           #######.     1%          5
 Alistair's Intoxication  Tmut/Pois      ######...    1%          5
 Blade Hands              Tmut           #######...   1%          5
 Bolt of Magma            Conj/Fire/Erth ######....   1%          5
 Summon Forest            Summ/Tloc      #######...   1%          5
 Death Channel            Necr           #######...   1%          6
 Dispersal                Tloc           ########..   1%          6
 Hydra Form               Tmut           #######...   1%          6
 Iron Shot                Conj/Erth      #######...   1%          6
 Simulacrum               Ice/Necr       ######....   3%          6
 Disjunction              Tloc           ########..   3%          8
 Airstrike                Air            ####......   5%          4
 Cause Fear               Hex            ####......   5%          4
 Fulminant Prism          Conj/Hex       ####......   5%          4
 Hailstorm                Conj/Ice       ####....     5%          4
 Olgreb's Toxic Radiance  Pois           ####....     5%          4
 Sticky Flame             Conj/Fire      ####....     5%          4
 Summon Ice Beast         Ice/Summ       ####....     5%          4
 Summon Lightning Spire   Summ/Air       ####....     5%          4
 Dragon Form              Tmut           #######...   8%          7
 Borgnjor's Revivificati  Necr           #######...   8%          8
 Infestation              Necr           #######...   8%          8
 Eringya's Noxious Bog    Tmut/Pois      ######....   12%         6
 Malign Gateway           Summ/Tloc      #######...   14%         7
 Fireball                 Conj/Fire      ####......   16%         5
 Iskenderun's Battlesphe  Conj           ####....     16%         5
 Lightning Bolt           Conj/Air       ####......   16%         5
 Metabolic Englaciation   Hex/Ice        ####......   16%         5
 Silence                  Hex/Air        ####......   16%         5
 Summon Demon             Summ           ####......   16%         5
 Summon Mana Viper        Hex/Summ       ####....     16%         5
 Haunt                    Necr/Summ      ######....   22%         7
 Necromutation            Tmut/Necr      #######...   22%         8
 Conjure Ball Lightning   Conj/Air       ####......   67%         6
 Freezing Cloud           Conj/Ice/Air   ####......   67%         6
 Invisibility             Hex            ####....     67%         6
 Ozocubu's Refrigeration  Ice            ####......   67%         6
 Shadow Creatures         Summ           N/A          67%         6
 Starburst                Conj/Fire      ####......   67%         6
 Death's Door             Necr           #######...   80%         9
 Orb of Destruction       Conj           ####......   99%         7
 Spellforged Servitor     Conj/Summ      ####......   99%         7
 Summon Hydra             Summ           ####......   99%         7
 Discord                  Hex            ####......   100%        8
 Ignition                 Fire           ####......   100%        8
 Dragon's Call            Summ           ####......   100%        9


Dungeon Overview and Level Annotations

Branches:
Dungeon (15/15)            Temple (1/1) D:6            Lair (6/6) D:10
  Swamp (4/4) Lair:4        Snake (4/4) Lair:4        Slime (5/5) Lair:6
    Orc (2/2) D:11            Elf (3/3) Orc:2        Vaults (5/5) D:13
  Crypt (0/3) Vaults:2     Depths (5/5) D:15           Hell (visited)
    Dis (0/7) Hell            Geh (0/7) Hell            Coc (0/7) Hell
    Tar (0/7) Hell            Zot (0/5) Depths:5      IceCv (visited)
Volcano (visited)         Gauntlet (visited)

Altars:
Ashenzari
Cheibriados
Dithmenos
Elyvilon
Fedhas
Gozag
Hepliaklqana
Kikubaaqudgha
Makhleb
Nemelex Xobeh
Okawaru
Qazlal
Ru
Sif Muna
Trog
Uskayaw
Vehumet
Wu Jian
Xom
Yredelemnul
Zin
The Shining One
Beogh
Jiyva
Lugonu

Shops:
D:4 [   D:7 *   Orc:2 ?****   Elf:1 (   Elf:2 !   Vaults:3 =

Portals:
Hell: Depths:1 Depths:2 Depths:3 Depths:4 Depths:5
Abyss: Depths:4 Depths:5
Pandemonium: Depths:2 Depths:3

Annotations:
D:5 exclusion: two-headed ogre
Depths:2 exclusion: downstairs


Innate Abilities, Weirdness & Mutations

((You can breathe waves of freezing cold.))
((You can buffet flying creatures when you breathe cold.))
((Your icy white scales are hard. (AC +13)))
You cannot fit into any form of body armour.
Your flesh is very cold resistant. (rC++)
You are cold-blooded and may be slowed by cold attacks.
Your large and strong wings let you fly indefinitely.
Your body sometimes deteriorates upon taking damage.
You sometimes yell uncontrollably at your foes.
You are weak. (Str -2)
Your spells are a little easier to cast, but a little less powerful.


Message History

The burst of rock shards engulfs the Ice Fiend but does no damage.
The burst of rock shards engulfs the Brimstone Fiend!!
The burst of rock shards engulfs you but does no damage.
The burst of rock shards engulfs the Ice Fiend!
The burst of rock shards engulfs the shadow demon.
The burst of rock shards engulfs the monstrous blood saint!
The burst of rock shards engulfs the Ice Fiend but does no damage.
The burst of rock shards engulfs the Brimstone Fiend!
The burst of rock shards engulfs you but does no damage.
The burst of rock shards engulfs the Ice Fiend but does no damage.
The burst of rock shards engulfs the shadow demon!
You kill the shadow demon!
Cheibriados thoroughly appreciates the change of pace.
The burst of rock shards engulfs the monstrous blood saint!!
The burst of rock shards engulfs the Ice Fiend!
The burst of rock shards engulfs the Brimstone Fiend.
Cheibriados thoroughly appreciates the change of pace.
You feel a bit more experienced.
The burst of rock shards engulfs you but does no damage.
The burst of rock shards engulfs the Ice Fiend but does no damage.
You hear a screech!
Something sneers, "Give in, thou erky fool-headed dingleberry!"
You hear a roar!
You hear a shout!
You hear a roar! x2; You hear a shout!
You hear a croak.
The Ice Fiend gestures at you. The bolt of cold misses you.
You block the Brimstone Fiend's attack. x2
The Brimstone Fiend completely misses you.
The Ice Fiend gestures at you.
The bolt of cold hits you but does no damage.
You resist.
The Ice Fiend is engulfed in blazing flames.
You block the Ice Fiend's attack. x2
The monstrous blood saint is engulfed in blazing flames.
The monstrous blood saint completely misses you.
You block the monstrous blood saint's attack.
The monstrous blood saint gores you but does no damage.
The Brimstone Fiend hits you!
* * * LOW HITPOINT WARNING * * *
You block the Brimstone Fiend's attack. x2
The monstrous blood saint is engulfed in blazing flames.
The monstrous blood saint barely misses you.
You riposte.
You slice the monstrous blood saint!!
You kill the monstrous blood saint!
Cheibriados appreciates the change of pace.
The Ice Fiend is engulfed in blazing flames.
The Ice Fiend gestures at you. The bolt of cold misses you.
The Ice Fiend is engulfed in blazing flames.
The Ice Fiend claws you but does no damage.
The Ice Fiend barely misses you.
Evoke which item? (* to show all) (? for menu, Esc to quit)
The tremorstone explodes into fragments!
The burst of rock shards engulfs the Ice Fiend.
The burst of rock shards engulfs the Brimstone Fiend but does no damage.
The burst of rock shards engulfs the Ice Fiend!
The burst of rock shards engulfs the Brimstone Fiend.
The burst of rock shards engulfs the Ice Fiend!
You kill the Ice Fiend!
Cheibriados appreciates the change of pace.
The burst of rock shards engulfs the Brimstone Fiend but does no damage.
The burst of rock shards engulfs the Brimstone Fiend. x2
You hear a roar!
You hear a hideous shriek!
The Ice Fiend is engulfed in blazing flames.
The Ice Fiend gestures at you. The bolt of cold hits you! You resist.
* * * LOW HITPOINT WARNING * * *
You block the Brimstone Fiend's attack. x3
The Ice Fiend is engulfed in blazing flames.
The Ice Fiend claws you but does no damage.
You block the Ice Fiend's attack.
Really quaff
C - 7 potions of heal wounds {@q2 !q}?
You feel much better.
The Ice Fiend is engulfed in blazing flames.
The Ice Fiend claws you but does no damage.
You block the Ice Fiend's attack.
The Brimstone Fiend hits you but does no damage.
You block the Brimstone Fiend's attack.
The Brimstone Fiend hits you but does no damage.
The Ice Fiend claws you but does no damage.
You block the Ice Fiend's attack. You block the Brimstone Fiend's attack.
The Brimstone Fiend hits you but does no damage.
The Brimstone Fiend closely misses you.
You hear a shout!
You barely miss the Ice Fiend.
The Ice Fiend is almost dead.
The Ice Fiend is engulfed in blazing flames.
You kill the Ice Fiend!
Cheibriados thoroughly appreciates the change of pace.
The Brimstone Fiend calls on the powers of darkness!
Your body is wracked with pain!
* * * LOW HITPOINT WARNING * * *
You hit the Brimstone Fiend but do no damage.
The Brimstone Fiend is heavily wounded.
You block the Brimstone Fiend's attack. The Brimstone Fiend barely misses you.
You block the Brimstone Fiend's attack.
You slice the Brimstone Fiend!!
The Brimstone Fiend is almost dead.
The Brimstone Fiend gestures at you.
The sphere of damnation explodes!
The damnation engulfs you!!!
You die...

..1....)...........▓▓
..11).2.[§.........▓
...................▓
......)............▓
..................▓▓
........♣........▓▓
......♣♣♣........▓
.....♣♣§§.....▓▓ ...
♣8§§....▓▓
.....§§§1§§..▓▓
.....§§§§§§▓▓▓
......§§▓▓▓▓
.▓▓▓▓▓▓▓▓


You could see a Brimstone Fiend.

Vanquished Creatures
  the Royal Jelly (Slime:5)
  7 ancient liches
  4 juggernauts
  3 greater mummies
  Boris (thrice) (Vaults:4 Depths:3 Depths:4)
  A Killer Klown (Zig:20)
  10 pandemonium lords (Zig:20)
  5 shard shrikes
  Vashnia (Snake:2)
  Frederick (Vaults:3)
  the Lernaean hydra (Swamp:4)
  Bai Suzhen (Depths:1)
  Margery (Depths:5)
  A curse toe (Zig:16)
  Geryon (Hell)
  2 caustic shrikes (Depths:3)
  6 golden dragons
  5 bone dragons
  Nikola (Elf:2)
  2 profane servitors (Zig:18)
  3 pearl dragons (Zig:17)
  Jory (Vaults:4)
  the Enchantress (Depths:5)
  2 Tzitzimimeh
  6 liches
  3 doom hounds
  3 iron giants (Zig:19)
  3 Hell Sentinels
  9 tentacled monstrosities
  3 Ice Fiends
  Jorgrun (D:12)
  3 deep elf blademasters
  6 titans
  A deep elf master archer (Elf:3)
  Asterion (Elf:1)
  17 acid blobs
  2 quicksilver dragons
  A sphinx (shapeshifter) (Zig:20)
  7 sphinxes
  Gastronok (D:8)
  7 ancient champions (Zig:18)
  6 Executioners (Zig:22)
  4 thorn hunters
  A tentacled starspawn (Abyss:3)
  7 shadow dragons
  Agnes (Elf:1)
  Kirke (Lair:5)
  A storm dragon (shapeshifter) (Zig:20)
  5 storm dragons
  10 tengu reavers
  3 revenants (Zig:18)
  A shadow dragon (shapeshifter) (Zig:20)
  Donald (Elf:1)
  17 nagarajas
  3 daevas (Zig:17)
  Roxanne (D:15)
  The ghost of Ocrulaeg the Bludgeoner, an adept FoFi of Okawaru (D:14)
  11 azure jellies
  A blood saint (Zig:22)
  13 fire giants
  2 iron dragons
  15 frost giants
  2 draconian scorchers (Zig:2)
  3 orc warlords (Orc:2)
  9 deep elf sorcerers
  13 vault wardens
  3 juggernaut zombies
  7 deep elf elementalists (Elf:3)
  7 angels
  2 emperor scorpions (Zig:21)
  Louise (Elf:3)
  A warmonger (Zig:22)
  3 balrugs
  A draconian knight (Depths:5)
  A caustic shrike zombie (Zig:19)
  9 ironheart preservers
  A ghoul (Swamp:2)
  8 spriggan defenders
  4 curse skulls (Zig:18)
  17 reapers
  5 ophanim (Zig:17)
  36 very ugly things
  The ghost of Liek the Unseen, an adept FeCK of Zin (Vaults:4)
  A caustic shrike skeleton (Zig:13)
  A corrupter (Zig:22)
  5 war gargoyles
  18 stone giants
  A draconian annihilator (Depths:5)
  2 bennus (Zig:11)
  A yellow draconian (Depths:5)
  A dire elephant (Gauntlet)
  Nessos (Lair:5)
  3 deep elf demonologists
  2 vampire knights
  8 apis (Zig:17)
  7 deep elf annihilators
  3 black suns (Zig:22)
  A minotaur (shapeshifter) (Zig:20)
  A red draconian (Depths:5)
  A purple draconian (Depths:5)
  3 lorocyprocas
  A white draconian (Depths:5)
  A spark wasp (shapeshifter) (Zig:20)
  3 green deaths
  4 merfolk javelineers (Zig:21)
  10 spark wasps
  4 eidola (Zig:18)
  8 deep elf death magi
  18 ettins
  8 death oozes
  9 fire dragons
  10 mummy priests
  7 blizzard demons
  Josephine (D:15)
  14 deep elf high priests
  A fire dragon (shapeshifter) (Vaults:5)
  A quicksilver dragon skeleton (Zig:16)
  16 yaktaur captains
  Harold (D:11)
  2 hydras (shapeshifter) (Zig:20)
  7 ice dragons
  4 rakshasas
  11 spriggan air magi
  4 shambling mangroves
  14 great orbs of eyes
  30 vault guards
  Fannar (D:11)
  2 ghost crabs
  2 hell beasts (Zig:22)
  23 hydras
  13 centaur warriors
  An alligator snapping turtle (Zig:21)
  17 naga warriors
  34 two-headed ogres
  Erica (D:11)
  8 anacondas
  13 ogre magi
  16 tengu warriors
  3 catoblepae
  6 death scarabs
  11 alligators
  12 deep troll shamans
  A hell hog (Abyss:4)
  6 death yaks
  5 merfolk aquamancers (Zig:21)
  5 thrashing horrors
  16 spriggan berserkers
  10 deep troll earth magi
  26 dancing weapons
  3 titan zombies
  10 hell knights
  5 vampire magi
  5 orc high priests
  10 sun demons
  Sonja (D:13)
  10 shock serpents
  18 deep elf knights
  A fire crab (shapeshifter) (D:15)
  2 titan skeletons
  16 naga sharpshooters
  3 wretched stars (Abyss:4)
  3 storm dragon zombies
  5 iron trolls
  12 soul eaters
  17 skeletal warriors
  3 salamander mystics
  2 quicksilver dragon simulacra (Depths:2)
  An unseen horror (Abyss:4)
  2 golden dragon zombies
  8 cherubim (Zig:17)
  43 deep trolls
  An iron troll (shapeshifter) (Vaults:5)
  2 anaconda zombies (Hell)
  A swamp dragon (shapeshifter) (Depths:3)
  8 wizards
  A spark wasp zombie (Hell)
  4 spriggan druids
  A death drake (Zig:16)
  6 shadow demons
  5 flayed ghosts
  20 deep elf archers
  A glowing orange brain (shapeshifter) (Zig:20)
  A storm dragon skeleton (Zig:12)
  9 naga ritualists
  9 glowing orange brains
  5 tengu zombies
  3 obsidian statues
  4 orange crystal statues
  17 swamp dragons
  10 ironbrand convokers
  52 deep elf magi
  5 harpies
  3 shadow dragon zombies
  A lindwurm (shapeshifter) (Zig:20)
  A sphinx zombie (Zig:16)
  7 starcursed masses (Abyss:4)
  12 necromancers
  Pikel (D:5)
  2 iron dragon zombies
  3 golden dragon skeletons
  A mana viper (shapeshifter) (Zig:20)
  5 phantasmal warriors
  An orb spider (shapeshifter) (Elf:2)
  5 wolf spiders
  A shadow dragon skeleton (Zig:13)
  3 fire giant zombies
  A stone giant zombie (D:15)
  A wolf spider zombie (D:15)
  4 frost giant zombies
  9 cyclopes
  8 shining eyes
  8 orc sorcerers
  3 moths of wrath (Zig:21)
  44 ugly things
  12 mana vipers
  An orb spider (Zig:6)
  A shining eye (shapeshifter) (Zig:20)
  A moth of wrath (shapeshifter) (Depths:3)
  11 orc knights
  3 oklob plants (Lair:6)
  12 salamanders
  3 large abominations
  4 spriggan zombies
  A fire giant skeleton (Zig:12)
  A stone giant skeleton (Vaults:1)
  18 rust devils
  A dire elephant zombie (Abyss:4)
  9 elephants
  12 vault sentinels
  39 black mambas
  4 manticores
  A water nymph (shapeshifter) (Zig:20)
  8 centaur zombies
  A guardian serpent (shapeshifter) (Vaults:3)
  3 apocalypse crabs
  A black mamba (shapeshifter) (Depths:2)
  22 naga magi
  An elephant (shapeshifter) (Vaults:5)
  5 ice statues
  Psyche (D:11)
  5 guardian serpents
  2 smoke demons
  An orange demon (Hell)
  4 gargoyles
  A storm dragon simulacrum (Hell)
  14 cane toads
  4 eyes of devastation
  A torpor snail (Zig:6)
  2 yaktaur zombies
  3 hellions
  2 centaur skeletons
  10 komodo dragons
  11 efreet
  A yaktaur (shapeshifter) (Vaults:5)
  2 demonic crawlers
  7 tormentors
  3 spriggan skeletons
  5 tengu conjurers
  3 rime drakes
  10 freezing wraiths
  67 yaktaurs
  A kobold demonologist (D:14)
  2 elf skeletons
  16 ice devils
  3 hydra zombies (Hell)
  5 red devils
  19 guardian mummies
  A troll (shapeshifter) (Zig:20)
  An ancient zyme (Abyss:3)
  A slime creature (shapeshifter) (Vaults:2)
  A meliai (shapeshifter) (Vaults:5)
  A jumping spider (Zig:21)
  7 tyrant leeches
  A merfolk (Zig:21)
  A silent spectre (Zig:16)
  A meliai (Zig:21)
  13 trolls
  24 hornets
  16 bog bodies
  A wind drake (shapeshifter) (Vaults:4)
  16 polar bears
  101 slime creatures
  A raiju (shapeshifter) (Vaults:1)
  13 raiju
  A shadow dragon simulacrum (Hell)
  A hornet (shapeshifter) (Zig:20)
  A blink frog (shapeshifter) (Vaults:1)
  A deep troll zombie (Hell)
  A hippogriff (shapeshifter) (Vaults:3)
  2 ice dragon zombies (D:15)
  A frost giant simulacrum (Vaults:4)
  7 hippogriffs
  5 ettin zombies
  A fire dragon zombie (Hell)
  4 dream sheep (Lair:5)
  2 alligator skeletons (Hell)
  6 blink frogs
  A dream sheep (shapeshifter) (Depths:5)
  A snapping turtle (Zig:21)
  6 centaur simulacra (D:14)
  A redback (shapeshifter) (Zig:20)
  20 spriggans
  15 flying skulls
  3 redbacks (Zig:6)
  13 water elementals
  A fire bat (Abyss:3)
  2 ynoxinuls
  3 air elementals
  11 fire elementals
  4 shadows
  An ettin skeleton (Vaults:5)
  A spriggan simulacrum (Zig:9)
  45 yaks
  3 spriggans (shapeshifter)
  5 elf zombies
  12 wraiths
  13 humans
  A basilisk (shapeshifter) (Zig:20)
  4 tarantellas
  2 hogs (Lair:5)
  4 wyverns
  9 ushabtiu
  A golden eye (shapeshifter) (Depths:4)
  2 basilisks
  A hog (shapeshifter) (D:13)
  Eustachio (D:5)
  A golden eye (Zig:15)
  5 chaos spawn
  2 steam dragons
  3 neqoxecs
  17 vampire mosquitoes
  2 human zombies
  5 insubstantial wisps
  18 swamp worms
  6 wargs
  62 nagas
  2 soldier ants
  4 acid dragons
  A deep troll skeleton (Vaults:4)
  A swamp drake (shapeshifter) (Depths:2)
  14 water moccasins
  A cane toad zombie (Hell)
  A soldier ant (shapeshifter) (Vaults:2)
  9 hell hounds
  2 floating eyes
  56 orc warriors
  4 tengu skeletons
  11 porcupines
  A hydra simulacrum (Hell)
  5 black bears
  2 sky beasts
  14 swamp drakes
  An elf simulacrum (Zig:11)
  8 eyes of draining
  4 ice beasts
  11 necrophages
  8 ettin simulacra
  33 ogres
  An eye of draining (shapeshifter) (Elf:3)
  A black mamba simulacrum (Hell)
  A tengu (shapeshifter) (Depths:1)
  4 phantoms
  20 wolves
  20 boggarts
  24 centaurs
  17 crocodiles
  A lemure (D:5)
  2 big kobolds (D:11)
  20 bullfrogs
  6 gnoll sergeants (D:11)
  2 earth elementals
  A wyvern zombie (D:5)
  2 glowing shapeshifter simulacra
  2 human skeletons (Vaults:4)
  A wyvern skeleton (D:6)
  2 scorpions
  12 small abominations
  7 wights
  5 electric eels
  4 howler monkeys
  2 crimson imps
  2 quasits
  2 hounds
  6 jellies
  34 orc priests
  3 bullfrog skeletons
  2 iguanas
  5 iron imps
  2 gnoll shamans
  Ijyb (D:3)
  45 orc wizards
  14 hell rats
  4 lightning spires (Zig:19)
  8 worker ants
  A killer bee zombie (D:9)
  2 hound skeletons (D:4)
  25 mummies
  A worker ant zombie (D:7)
  A howler monkey skeleton (D:9)
  18 gnolls
  11 adders
  6 shadow imps
  19 white imps
  3 ufetubi
  3 oozes
  2 adder skeletons
  2 worms
  A dart slug (D:1)
  2 leopard geckos
  110 orcs
  3 ball pythons
  A giant cockroach (shapeshifter) (Zig:20)
  6 giant cockroaches
  2 gnoll zombies (D:8)
  8 goblins
  10 hobgoblins
  10 jackals
  3 quokkas
  6 bats
  3 frilled lizards
  3 kobolds
  A leopard gecko skeleton (D:7)
  A quokka skeleton (D:8)
  A quokka zombie (D:7)
  7 rats
  4 crawling corpses
  A fungus (Lair:6)
3002 creatures vanquished.

Vanquished Creatures (collateral kills)
  An Ice Fiend (Zig:5)
  A cacodemon (Zig:22)
  A vault warden (Vaults:5)
  An ugly thing (Zig:20)
  A block of ice (Zig:20)
5 creatures vanquished.

Vanquished Creatures (others)
  A pandemonium lord (Zig:20)
  A lich (Depths:3)
  2 eldritch tentacles (Zig:20)
  A deep elf sorcerer (Elf:2)
  A juggernaut zombie (Zig:13)
  A corrupter (Zig:22)
  A green death (Zig:10)
  A naga warrior (Snake:4)
  A dancing weapon (Elf:3)
  A vampire mage (Depths:3)
  A hell hog (Abyss:4)
  A deep troll (Depths:4)
  2 ugly things (Zig:20)
  2 deep elf magi
  An iron dragon skeleton (Zig:11)
  A hornet (Swamp:4)
  A human (D:13)
  2 nagas (Snake:4)
  A meliai simulacrum (D:14)
  2 boggarts
  2 ogres
  An iron imp (Zig:19)
  5 orcs
  2 briar patches (Swamp:3)
  14 bushes (Depths:5)
  8 fungi
  A lurking horror (Abyss:4)
  7 plants
  4 starspawn tentacles (Abyss:3)
  A withered plant (D:15)
70 creatures vanquished.

Grand Total: 3077 creatures vanquished

Notes
Turn   | Place    | Note
-------+----------+-------------------------------------------
     0 | D:1      | EnegeticOcto the Draconian Wanderer began the quest for the
                  | Orb.
     0 | D:1      | EnegeticOcto set off with the following items: a +2
                  | falchion, a scroll of teleportation {@r3 !r}, a potion of
                  | curing {@q1 !q}, a +0 dagger
     0 | D:1      | Reached XP level 1. HP: 22/22 MP: 1/1
    24 | D:1      | Reached skill level 2 in Stealth
   108 | D:1      | Reached XP level 2. HP: 18/28 MP: 2/2
   394 | D:1      | Reached skill level 3 in Stealth
   554 | D:1      | Reached XP level 3. HP: 34/35 MP: 3/3
   706 | D:2      | Reached skill level 5 in Fighting
   944 | D:2      | Found a glowing silver altar of Zin.
  1001 | D:2      | Reached XP level 4. HP: 42/42 MP: 4/4
  1429 | D:3      | Noticed Ijyb
  1434 | D:3      | Killed Ijyb
  1434 | D:3      | Reached skill level 6 in Fighting
  1617 | D:3      | Reached XP level 5. HP: 47/50 MP: 5/5
  1702 | D:3      | Reached skill level 3 in Long Blades
  2217 | D:4      | Reached skill level 4 in Long Blades
  2416 | D:4      | Found Qoenu's Armour Emporium.
  2424 | D:4      | Bought a +0 pair of gloves for 58 gold pieces
  2424 | D:4      | Bought a +0 tower shield for 58 gold pieces
  2677 | D:4      | Noticed an ogre
  2689 | D:4      | Reached XP level 6. HP: 51/57 MP: 6/6
  2695 | D:4      | Reached skill level 5 in Long Blades
  2906 | D:4      | Reached skill level 3 in Shields
  3224 | D:5      | Entered Level 5 of the Dungeon
  3545 | D:5      | Your scales start taking on an icy white colour.
  3545 | D:5      | Reached XP level 7. HP: 58/63 MP: 7/7
  3545 | D:5      | Gained mutation: Your flesh is cold resistant. (rC+) [White
                  | Draconian growth]
  3566 | D:5      | Noticed Pikel
  3602 | D:5      | Killed Pikel
  3602 | D:5      | Reached skill level 7 in Long Blades
  3602 | D:5      | Reached skill level 4 in Shields
  3759 | D:5      | Found a shadowy altar of Dithmenos.
  3793 | D:5      | Noticed a two-headed ogre
  3966 | D:5      | Reached XP level 8. HP: 65/70 MP: 8/8
  4100 | D:5      | Noticed Eustachio
  4156 | D:5      | Killed Eustachio
  4156 | D:5      | Reached skill level 5 in Shields
  4224 | D:5      | Reached skill level 8 in Long Blades
  5198 | D:6      | Reached skill level 9 in Long Blades
  5484 | D:6      | Reached skill level 6 in Shields
  5679 | D:6      | Found a staircase to the Ecumenical Temple.
  5833 | Temple   | Entered the Ecumenical Temple
  5879 | Temple   | Became a worshipper of Cheibriados the Contemplative
  6126 | D:7      | Found a sparkling altar of Nemelex Xobeh.
  6145 | D:7      | Found Yvaimehoic's Serpentskin Sales.
  6186 | D:7      | Bought 7 curare-tipped darts for 50 gold pieces
  6301 | D:7      | Reached XP level 9. HP: 74/74 MP: 9/9
  6705 | D:7      | Reached * piety under Cheibriados
  6796 | D:7      | Found a sacrificial altar of Ru.
  7368 | D:8      | Reached skill level 10 in Long Blades
  7372 | D:8      | Noticed Gastronok
  7467 | D:8      | Killed Gastronok
  7467 | D:8      | Reached skill level 11 in Long Blades
  7467 | D:8      | Reached skill level 8 in Shields
  7467 | D:8      | Reached XP level 10. HP: 72/82 MP: 10/10
  8197 | D:8      | Noticed a two-headed ogre
  8206 | D:8      | Killed a two-headed ogre
  8206 | D:8      | Reached skill level 12 in Long Blades
  8410 | D:8      | Found a hide-covered altar of Uskayaw.
  8449 | D:8      | Found a bloodstained altar of Trog.
  8675 | D:8      | Reached ** piety under Cheibriados
  8684 | D:8      | Found a basalt altar of Yredelemnul.
  9122 | D:9      | Found a blossoming altar of Fedhas.
  9172 | D:9      | Found a blossoming altar of Fedhas.
  9204 | D:9      | Found a shimmering altar of Xom.
  9206 | D:9      | Found a shattered altar of Ashenzari.
  9287 | D:9      | Reached skill level 9 in Shields
  9432 | D:9      | Found a hazy altar of Hepliaklqana.
  9518 | D:9      | Reached *** piety under Cheibriados
  9582 | D:9      | Found an iron altar of Okawaru.
  9756 | D:10     | Entered Level 10 of the Dungeon
  9841 | D:10     | Reached skill level 13 in Long Blades
  9841 | D:10     | Reached skill level 1 in Invocations
 10130 | D:10     | Reached XP level 11. HP: 40/90 MP: 11/11
 10394 | D:10     | Found a staircase to the Lair.
 10492 | D:10     | Reached **** piety under Cheibriados
 10502 | D:10     | Reached skill level 7 in Fighting
 10502 | D:10     | Reached skill level 2 in Invocations
 10623 | D:10     | Noticed a wizard
 10630 | D:10     | Killed a wizard
 10894 | Lair:1   | Entered Level 1 of the Lair of Beasts
 10931 | D:10     | Reached skill level 3 in Invocations
 11084 | D:11     | Found a gate leading to a gauntlet.
 11094 | Gauntlet | Entered a Gauntlet
 11094 | Gauntlet | Found a transporter.
 11094 | Gauntlet | Found a transporter.
 11098 | Gauntlet | Found a transporter.
 11098 | Gauntlet | Found a transporter.
 11102 | Gauntlet | Noticed a tengu warrior
 11112 | Gauntlet | Found a transporter.
 11122 | Gauntlet | Found a transporter.
 11131 | Gauntlet | Found a transporter.
 11131 | Gauntlet | Noticed an orange crystal statue
 11133 | Gauntlet | Found a transporter.
 11133 | Gauntlet | Found a transporter.
 11133 | Gauntlet | Noticed an orange crystal statue
 11137 | Gauntlet | Found a transporter.
 11140 | Gauntlet | Identified the ring "Ynnuidoq" {rF+ MR+ rCorr Int+2 SInv}
 11171 | Gauntlet | Found a transporter.
 11191 | Gauntlet | Found a transporter.
 11224 | Gauntlet | Found a transporter.
 11226 | Gauntlet | Noticed a death scarab
 11236 | Gauntlet | Noticed a death scarab
 11240 | Gauntlet | Found a transporter.
 11342 | Gauntlet | Found a transporter.
 11350 | Gauntlet | Noticed a dire elephant
 11358 | Gauntlet | Found a transporter.
 11756 | Gauntlet | Killed a dire elephant
 11767 | Gauntlet | Got a distressingly furry hat
 12086 | Gauntlet | Reached skill level 1 in Dodging
 12086 | Gauntlet | Reached skill level 4 in Invocations
 12095 | Gauntlet | Reached skill level 10 in Shields
 12192 | Gauntlet | Identified the +2 hat of Plasticity {rElec rCorr Str+2}
                  | (You found it in a Gauntlet)
 12210 | Gauntlet | Noticed a minotaur
 12599 | Lair:1   | Found the macabre finger necklace {rN+}
 12669 | Lair:1   | Identified a scroll of acquirement
 12809 | Lair:2   | Reached skill level 8 in Fighting
 12876 | Lair:2   | Reached skill level 2 in Dodging
 12883 | Lair:2   | Reached skill level 14 in Long Blades
 13199 | Lair:2   | Reached skill level 3 in Dodging
 13608 | Lair:2   | Reached skill level 5 in Invocations
 13965 | Lair:3   | Reached skill level 4 in Dodging
 13965 | Lair:3   | Reached XP level 12. HP: 103/103 MP: 15/15
 14005 | Lair:3   | Found a dark tunnel.
 14012 | Volcano  | Entered a volcano
 14058 | Volcano  | Noticed a centaur warrior
 14074 | Volcano  | Killed a centaur warrior
 14074 | Volcano  | Reached skill level 9 in Fighting
 14074 | Volcano  | Reached skill level 5 in Dodging
 14247 | Volcano  | Reached skill level 6 in Invocations
 14411 | Lair:3   | Reached skill level 6 in Dodging
 14713 | Lair:3   | Reached skill level 7 in Invocations
 14758 | Lair:3   | Reached skill level 7 in Dodging
 14994 | Lair:4   | Noticed an eight-headed hydra
 15002 | Lair:4   | Killed a five-headed hydra
 15002 | Lair:4   | Reached skill level 10 in Fighting
 15234 | Lair:4   | Reached skill level 8 in Dodging
 15411 | Lair:4   | Found a staircase to the Swamp.
 15424 | Lair:4   | Reached skill level 8 in Invocations
 15580 | Lair:4   | Found a staircase to the Snake Pit.
 16077 | Lair:5   | Reached skill level 9 in Dodging
 16116 | Lair:5   | Noticed Kirke
 16125 | Lair:5   | Killed Kirke
 16125 | Lair:5   | Reached XP level 13. HP: 99/113 MP: 13/19
 16125 | Lair:5   | Noticed Nessos
 16129 | Lair:5   | Killed Nessos
 16134 | Lair:5   | Reached skill level 9 in Invocations
 16581 | Lair:5   | Reached skill level 10 in Dodging
 16710 | Lair:5   | Reached skill level 11 in Shields
 16889 | Lair:6   | Entered Level 6 of the Lair of Beasts
 16930 | Lair:6   | Found a frozen archway.
 16962 | IceCv    | Entered an ice cave
 17253 | IceCv    | Reached skill level 12 in Shields
 17350 | IceCv    | Reached ***** piety under Cheibriados
 17492 | IceCv    | Noticed a frost giant
 17496 | IceCv    | Reached skill level 13 in Shields
 17504 | IceCv    | Killed a frost giant
 18385 | Lair:6   | Reached skill level 14 in Shields
 18415 | Lair:6   | Reached XP level 14. HP: 85/121 MP: 10/20
 19591 | D:11     | Noticed Fannar
 19608 | D:11     | Noticed Harold
 19620 | D:11     | Killed Harold
 19717 | D:11     | Killed Fannar
 19779 | D:11     | Noticed Erica
 19785 | D:11     | Killed Erica
 19785 | D:11     | Reached skill level 15 in Shields
 20038 | D:11     | Noticed Psyche
 20045 | D:11     | Killed Psyche
 20178 | D:11     | Found a staircase to the Orcish Mines.
 20187 | D:11     | Reached skill level 1 in Evocations
 20719 | Orc:1    | Entered Level 1 of the Orcish Mines
 20829 | Orc:2    | Entered Level 2 of the Orcish Mines
 21051 | Orc:2    | Noticed an orc warlord
 21052 | Orc:2    | Noticed an orc warlord
 21062 | Orc:2    | Reached skill level 2 in Evocations
 21067 | Orc:2    | Killed an orc warlord
 21068 | Orc:2    | Killed an orc warlord
 21068 | Orc:2    | Reached skill level 3 in Evocations
 21370 | Orc:2    | Noticed a stone giant
 21491 | Orc:2    | Noticed Maurice
 21505 | Orc:1    | Killed a stone giant
 21505 | Orc:1    | Reached skill level 11 in Dodging
 21619 | Orc:2    | Noticed Maurice
 21619 | Orc:2    | Maurice changed into Maurice the soldier ant
 21619 | Orc:2    | Noticed an orc warlord
 21624 | Orc:2    | Killed Maurice the soldier ant
 21624 | Orc:2    | Reached skill level 10 in Invocations
 21655 | Orc:2    | Killed an orc warlord
 21655 | Orc:2    | Reached skill level 4 in Evocations
 21688 | Orc:2    | Found a staircase to the Elven Halls.
 21688 | Orc:2    | Identified the cursed +1 whip of Eternity {elec, +Inv
                  | rPois}
 21863 | Orc:2    | Reached skill level 11 in Fighting
 22367 | Orc:2    | Found Rmata's Retail Resort.
 22519 | Orc:2    | Found Uddenoga's Assorted Antiques.
 22520 | Orc:2    | Found Egre's Magic Scroll Shoppe.
 22521 | Orc:2    | Found Jenudwa's Assorted Antiques.
 22526 | Orc:2    | Paralysed by an orc sorcerer for 3 turns
 22529 | Orc:2    | Gained mutation: Your body sometimes deteriorates upon
                  | taking damage. [a neqoxec]
 22531 | Orc:2    | Found Qaafoe Voxo's General Store.
 22548 | Orc:2    | Bought a scroll of blinking for 240 gold pieces
 22782 | Orc:1    | Reached ****** piety under Cheibriados
 22901 | Orc:1    | Found a roughly hewn altar of Beogh.
 23076 | Orc:2    | Bought a scroll of fog for 26 gold pieces
 23076 | Orc:2    | Bought a scroll of teleportation for 39 gold pieces
 23076 | Orc:2    | Bought a scroll of teleportation for 39 gold pieces
 23076 | Orc:2    | Bought a scroll of identify for 26 gold pieces
 23076 | Orc:2    | Bought a scroll of identify for 26 gold pieces
 23076 | Orc:2    | Bought a scroll of identify for 26 gold pieces
 23076 | Orc:2    | Bought a scroll of identify for 26 gold pieces
 23105 | Orc:2    | Bought a potion of resistance for 130 gold pieces
 23105 | Orc:2    | Acquired a +2 pair of gloves of dexterity
 23182 | D:12     | Noticed Jorgrun
 23197 | D:12     | Killed Jorgrun
 23197 | D:12     | Reached skill level 5 in Evocations
 23197 | D:12     | Reached XP level 15. HP: 92/130 MP: 22/22
 23393 | D:12     | HP: 6/130 [titanic slime creature (104)]
 23939 | D:12     | Identified the +3 chain mail of Jowucito {rElec rF+ MR+
                  | Int+4} (You found it on level 12 of the Dungeon)
 24691 | D:13     | Reached skill level 11 in Invocations
 24836 | D:13     | Reached skill level 6 in Evocations
 25026 | D:13     | Noticed Sonja
 25027 | D:13     | Killed Sonja
 25077 | D:13     | Found a gate to the Vaults.
 25169 | D:13     | Identified the +8 broad axe of Carved Prudence {antimagic,
                  | *Slow Str+3 Dex+7} (You found it on level 13 of the
                  | Dungeon)
 25291 | D:13     | Reached skill level 12 in Fighting
 25604 | D:13     | Learned a level 2 spell: Blink
 25660 | D:13     | Reached skill level 12 in Dodging
 25660 | D:13     | Reached skill level 1 in Translocations
 25975 | D:14     | Found an iron altar of Okawaru.
 26018 | D:14     | Reached skill level 2 in Translocations
 26058 | D:14     | Found a runed translucent gate.
 26058 | D:14     | Found a runed translucent gate.
 26058 | D:14     | Found a runed translucent gate.
 26105 | D:14     | Found a shimmering altar of Xom.
 26234 | D:14     | Noticed Ocrulaeg's ghost (adept FoFi)
 26543 | D:14     | Reached skill level 3 in Translocations
 26552 | D:14     | Killed Ocrulaeg's ghost
 26715 | D:15     | Entered Level 15 of the Dungeon
 26716 | D:15     | Reached skill level 12 in Invocations
 26812 | D:15     | Reached skill level 4 in Translocations
 27042 | D:15     | Noticed Josephine
 27058 | D:15     | Killed Josephine
 27061 | D:15     | Reached skill level 13 in Fighting
 27166 | D:15     | Reached skill level 5 in Translocations
 27184 | D:15     | Reached XP level 16. HP: 99/144 MP: 25/25
 27370 | D:15     | Found a staircase to the Depths.
 27523 | D:15     | Identified Roxanne's Almanac of Transmigration
 27523 | D:15     | Noticed Roxanne
 27554 | D:15     | Killed Roxanne
 27564 | D:15     | Learned a level 6 spell: Statue Form
 27790 | D:15     | Reached skill level 1 in Transmutations
 27790 | D:15     | Reached skill level 1 in Earth Magic
 28347 | Swamp:1  | Entered Level 1 of the Swamp
 28471 | Swamp:1  | Reached skill level 14 in Fighting
 28552 | Swamp:1  | Reached skill level 2 in Earth Magic
 28578 | Swamp:1  | Found a shattered altar of Ashenzari.
 28633 | Swamp:1  | Reached skill level 2 in Transmutations
 28816 | Swamp:1  | Cast into level 3 of the Abyss (a wizard)
 28816 | Abyss:3  | Found a corrupted altar of Lugonu.
 28895 | Abyss:3  | Reached skill level 3 in Earth Magic
 28965 | Abyss:3  | Reached skill level 3 in Transmutations
 28984 | Abyss:3  | Noticed a tentacled starspawn
 29088 | Abyss:3  | Noticed a tentacled starspawn
 29099 | Abyss:3  | Killed a tentacled starspawn
 29103 | Abyss:3  | Paralysed by an apocalypse crab for 7 turns
 29215 | Swamp:1  | Escaped the Abyss
 29598 | Swamp:2  | Noticed a thorn hunter
 29611 | Swamp:2  | Killed a thorn hunter
 29611 | Swamp:2  | Reached skill level 4 in Transmutations
 29611 | Swamp:2  | Reached skill level 4 in Earth Magic
 30303 | Swamp:2  | You fall into a shaft and drop 1 floor!
 30305 | Swamp:3  | Noticed a thorn hunter
 31120 | Swamp:3  | Reached skill level 5 in Earth Magic
 31127 | Swamp:3  | Noticed a thorn hunter
 31133 | Swamp:3  | Reached skill level 5 in Transmutations
 31140 | Swamp:3  | Killed a thorn hunter
 31141 | Swamp:3  | Killed a thorn hunter
 31721 | Swamp:3  | Reached skill level 15 in Fighting
 32353 | Swamp:4  | Entered Level 4 of the Swamp
 32382 | Swamp:4  | Reached skill level 6 in Transmutations
 32382 | Swamp:4  | Reached skill level 6 in Earth Magic
 32867 | Swamp:4  | Noticed a thorn hunter
 32874 | Swamp:4  | Killed a thorn hunter
 33034 | Swamp:4  | Reached XP level 17. HP: 156/156 MP: 26/26
 33064 | Swamp:4  | Acquired a manual of Evocations
 33297 | Swamp:4  | Reached skill level 7 in Earth Magic
 33297 | Swamp:4  | Reached skill level 7 in Transmutations
 33332 | Swamp:4  | Reached skill level 7 in Evocations
 33561 | Swamp:4  | Noticed the 27-headed Lernaean hydra
 33565 | Swamp:4  | Killed the 27-headed Lernaean hydra
 33589 | Swamp:4  | Reached skill level 8 in Evocations
 33801 | Swamp:4  | Reached skill level 8 in Transmutations
 33801 | Swamp:4  | Reached skill level 8 in Earth Magic
 34007 | Swamp:4  | Got a decaying rune of Zot
 34421 | Snake:1  | Entered Level 1 of the Snake Pit
 34583 | Snake:1  | Reached skill level 9 in Evocations
 35551 | D:4      | Bought a scarf of repulsion for 156 gold pieces
 35950 | Snake:2  | Reached skill level 1 in Spellcasting
 36154 | Snake:2  | Reached skill level 10 in Evocations
 36412 | Snake:2  | Reached skill level 9 in Earth Magic
 36417 | Snake:2  | Reached skill level 9 in Transmutations
 36420 | Snake:2  | Reached skill level 2 in Spellcasting
 36568 | Snake:2  | Noticed Vashnia
 36585 | Snake:2  | Killed Vashnia
 36585 | Snake:2  | Reached skill level 3 in Spellcasting
 36881 | Snake:2  | Reached skill level 11 in Evocations
 36929 | Snake:3  | Reached XP level 18. HP: 163/163 MP: 24/27
 37219 | Snake:3  | Reached skill level 4 in Spellcasting
 37431 | Snake:3  | Reached skill level 10 in Earth Magic
 37431 | Snake:3  | Reached skill level 10 in Transmutations
 38186 | Snake:4  | Entered Level 4 of the Snake Pit
 38197 | Snake:4  | Reached skill level 12 in Evocations
 38227 | Snake:4  | Found a flickering gateway to a bazaar.
 38236 | Bazaar   | Entered a bazaar
 38236 | Bazaar   | Found Relainax's General Store.
 38236 | Bazaar   | Found Avosar's Jewellery Emporium.
 38343 | Bazaar   | Found Qedail's General Store.
 38351 | Bazaar   | Bought a potion of cancellation for 96 gold pieces
 38351 | Bazaar   | Bought a scroll of teleportation for 36 gold pieces
 38351 | Bazaar   | Bought a scroll of teleportation for 36 gold pieces
 38357 | Bazaar   | Found Liaschau's Assorted Antiques.
 38365 | Bazaar   | Bought a wand of paralysis (5) for 38 gold pieces
 38365 | Bazaar   | Bought a scroll of blinking for 142 gold pieces
 38365 | Bazaar   | Bought a runed tower shield for 142 gold pieces
 38365 | Bazaar   | Bought a scroll of teleportation for 57 gold pieces
 38365 | Bazaar   | Bought a potion of ambrosia for 152 gold pieces
 38379 | Bazaar   | Bought the brooch of Shielding {Spirit SH+8} for 534 gold
                  | pieces
 38379 | Bazaar   | Found the brooch of Shielding {Spirit SH+8}
 38389 | Bazaar   | Bought a scroll of magic mapping for 52 gold pieces
 38389 | Bazaar   | Bought a scroll of magic mapping for 52 gold pieces
 38389 | Bazaar   | Bought a potion of ambrosia for 120 gold pieces
 38610 | Snake:4  | Reached skill level 5 in Spellcasting
 38646 | Snake:4  | Reached skill level 6 in Spellcasting
 38663 | Snake:4  | Reached skill level 11 in Earth Magic
 39275 | Snake:4  | Got a serpentine rune of Zot
 39600 | Elf:1    | Entered Level 1 of the Elven Halls
 39643 | Elf:1    | Reached skill level 16 in Shields
 39656 | Elf:1    | Noticed Asterion
 39673 | Elf:1    | Killed Asterion
 39988 | Elf:1    | Found Yshralaj's Weapon Shoppe.
 40075 | Elf:1    | Noticed Agnes
 40077 | Elf:1    | Reached skill level 12 in Earth Magic
 40077 | Elf:1    | Reached XP level 19. HP: 170/170 MP: 28/28
 40078 | Elf:1    | Killed Agnes
 40385 | Elf:1    | Found an ancient bone altar of Kikubaaqudgha.
 40425 | Elf:1    | Noticed Donald
 40437 | Elf:1    | Killed Donald
 40767 | Elf:2    | Found a runed translucent gate.
 40767 | Elf:2    | Found a runed translucent gate.
 40767 | Elf:2    | Found a runed translucent gate.
 40839 | Elf:2    | Noticed Nikola
 40859 | Elf:2    | Killed Nikola
 41021 | Elf:2    | Found a shimmering blue altar of Sif Muna.
 41199 | Elf:2    | Found Tiskuabe's Distillery.
 41209 | Elf:2    | Bought a potion of magic for 128 gold pieces
 41209 | Elf:2    | Bought a potion of ambrosia for 128 gold pieces
 41209 | Elf:2    | Bought a potion of might for 64 gold pieces
 41212 | Elf:2    | Learned a level 2 spell: Passwall
 41216 | Elf:2    | Learned a level 3 spell: Lesser Beckoning
 41222 | Elf:2    | Learned a level 5 spell: Lee's Rapid Deconstruction
 41227 | Elf:2    | Learned a level 4 spell: Passage of Golubria
 41233 | Elf:2    | Learned a level 5 spell: Borgnjor's Vile Clutch
 41349 | Elf:3    | Entered Level 3 of the Elven Halls
 41352 | Elf:3    | Identified the cursed +0 tower shield of the Serpent
                  | {rPois}
 41352 | Elf:3    | Noticed Louise
 41362 | Elf:3    | Reached skill level 1 in Necromancy
 41372 | Elf:3    | Reached skill level 13 in Earth Magic
 41374 | Elf:3    | Killed Louise
 41392 | Elf:3    | Reached skill level 2 in Necromancy
 41645 | Elf:2    | Reached skill level 17 in Shields
 41655 | Elf:2    | Reached skill level 3 in Necromancy
 42471 | Elf:3    | Reached skill level 7 in Spellcasting
 42471 | Elf:3    | Reached skill level 13 in Evocations
 42478 | Elf:3    | Reached skill level 4 in Necromancy
 42484 | Elf:3    | Reached XP level 20. HP: 178/178 MP: 20/31
 42503 | Elf:3    | Reached skill level 5 in Necromancy
 42566 | Elf:3    | Identified the amulet of Sin {Acrobat rElec}
 42657 | Elf:3    | Identified the cursed +0 buckler "Luev" {MR+ Str+4 Dex+6}
 42659 | Elf:3    | Identified the +5 morningstar of Vedint {distort, rN+ MR+}
 42809 | Elf:3    | Identified the Collected Works on the Unholy Compass
 42912 | Elf:3    | Identified the amulet of Eplummau {Regen+ Dex+4} (You found
                  | it on level 3 of the Elven Halls)
 43381 | Vaults:1 | Entered Level 1 of the Vaults
 43622 | Vaults:1 | Reached skill level 14 in Evocations
 43627 | Vaults:1 | Reached skill level 8 in Spellcasting
 43992 | Vaults:1 | Reached skill level 6 in Necromancy
 43992 | Vaults:1 | Reached skill level 14 in Earth Magic
 45149 | Vaults:2 | Reached skill level 7 in Necromancy
 45244 | Vaults:2 | Reached skill level 9 in Spellcasting
 45360 | Vaults:2 | Found a staircase to the Crypt.
 45360 | Vaults:2 | Found an ancient bone altar of Kikubaaqudgha.
 45361 | Vaults:2 | Found a basalt altar of Yredelemnul.
 45695 | Vaults:2 | Reached skill level 18 in Shields
 45798 | Vaults:2 | Found a sacrificial altar of Ru.
 46099 | Vaults:2 | Reached XP level 21. HP: 184/184 MP: 28/34
 46714 | Vaults:2 | Reached skill level 15 in Evocations
 46980 | Vaults:3 | Reached skill level 8 in Necromancy
 47215 | Vaults:3 | Noticed Frederick
 47224 | Vaults:3 | Reached skill level 10 in Spellcasting
 47231 | Vaults:3 | Killed Frederick
 47438 | Vaults:3 | Found Sigobac's Jewellery Shop.
 48252 | Vaults:4 | Noticed Boris
 48258 | Vaults:4 | Killed Boris
 48258 | Vaults:4 | Reached skill level 19 in Shields
 48630 | Vaults:4 | Noticed an ancient lich
 48641 | Vaults:4 | Killed an ancient lich
 48901 | Vaults:4 | Noticed Jory
 48913 | Vaults:4 | Killed Jory
 49065 | Vaults:4 | Found a runed translucent gate.
 49065 | Vaults:4 | Found an ancient bone altar of Kikubaaqudgha.
 49065 | Vaults:4 | Found a runed translucent gate.
 49065 | Vaults:4 | Noticed Liek's ghost (adept FeCK)
 49065 | Vaults:4 | Noticed an ancient lich
 49066 | Vaults:4 | Found a runed translucent gate.
 49171 | Vaults:4 | Identified the +1 kite shield of Dawn {rC+ MR+ Str+2 Int-5}
 49227 | Vaults:4 | Reached skill level 20 in Shields
 50134 | Vaults:4 | Killed an ancient lich
 50135 | Vaults:4 | Killed Liek's ghost
 50135 | Vaults:4 | Reached skill level 6 in Translocations
 50143 | Vaults:4 | Got a glittering marble ring
 50144 | Vaults:4 | Identified the ring "Cyraz" {rF+ Str+5 Dex+3} (You found it
                  | on level 4 of the Vaults)
 50154 | Vaults:4 | Identified the cursed -2 cloak "Semarphi" {*Slow Int+2
                  | Stlth+} (You found it on level 4 of the Vaults)
 50404 | Depths:1 | Entered Level 1 of the Depths
 50408 | Depths:1 | Reached XP level 22. HP: 192/192 MP: 30/36
 50707 | Depths:1 | Noticed Bai Suzhen
 50725 | Depths:1 | Killed Bai Suzhen
 51014 | Depths:1 | Found a gateway to Hell.
 51280 | Depths:1 | Reached skill level 9 in Necromancy
 51594 | Depths:2 | Learned a level 1 spell: Apportation
 51600 | Depths:2 | Learned a level 5 spell: Yara's Violent Unravelling
 51746 | Depths:2 | Found a hazy altar of Hepliaklqana.
 51994 | Vaults:3 | Bought the ring of Xom's Flight of Fancy {rPois rF++ rC+
                  | Str-3} for 900 gold pieces
 52271 | Depths:2 | Reached skill level 7 in Translocations
 52477 | Depths:2 | Found a basalt altar of Yredelemnul.
 52480 | Depths:2 | Found a one-way gate leading to the halls of Pandemonium.
 52509 | Depths:2 | Reached skill level 13 in Invocations
 52590 | Depths:2 | Reached skill level 11 in Spellcasting
 52801 | Depths:2 | Reached skill level 10 in Necromancy
 53079 | Depths:2 | Found a blossoming altar of Fedhas.
 53145 | Depths:2 | Reached skill level 16 in Fighting
 53209 | Depths:2 | Reached skill level 8 in Translocations
 53221 | Depths:2 | Noticed a golden dragon
 53229 | Depths:2 | Killed a golden dragon
 53229 | Depths:2 | Reached skill level 11 in Necromancy
 53229 | Depths:2 | Identified the +6 rapier "Muith" {drain, MR++ Str+4}
 53977 | Depths:2 | Found a glowing silver altar of Zin.
 54055 | Depths:2 | Reached XP level 23. HP: 82/203 MP: 33/38
 54790 | Depths:3 | Reached skill level 9 in Translocations
 54839 | Depths:3 | Noticed Boris
 54849 | Depths:3 | Killed Boris
 54849 | Depths:3 | Reached skill level 12 in Necromancy
 54849 | Depths:3 | Reached skill level 14 in Invocations
 55385 | Depths:3 | Reached skill level 12 in Spellcasting
 55663 | Depths:3 | Noticed a caustic shrike
 55667 | Depths:3 | Killed a caustic shrike
 55727 | Depths:3 | Noticed a juggernaut
 55740 | Depths:3 | Killed a juggernaut
 55754 | Depths:3 | Reached skill level 13 in Necromancy
 55961 | Depths:3 | Reached skill level 17 in Fighting
 55961 | Depths:3 | Reached skill level 10 in Translocations
 55994 | Depths:3 | Noticed a caustic shrike
 56007 | Depths:3 | Killed a caustic shrike
 56162 | Depths:3 | Noticed a juggernaut
 56220 | Depths:3 | Identified the +2 plate armour "Xanank" {*Drain rPois rF++
                  | Str+4 Dex+3} (You found it on level 3 of the Depths)
 56268 | Depths:3 | Found the +2 robe of Vines {NoPotionHeal Regen+7}
 56356 | Depths:3 | Killed a juggernaut
 56712 | Depths:3 | Paralysed by a floating eye for 4 turns
 56807 | Depths:3 | Identified the cursed +2 hand axe "Ofejim" {vorpal, rElec
                  | Int+5}
 56931 | Depths:3 | Reached skill level 15 in Invocations
 56935 | Depths:3 | Reached skill level 14 in Necromancy
 57088 | Depths:3 | Noticed a juggernaut
 57102 | Depths:3 | Killed a juggernaut
 57102 | Depths:3 | Reached skill level 13 in Spellcasting
 57102 | Depths:3 | Reached XP level 24. HP: 197/215 MP: 39/40
 57852 | Depths:4 | Reached skill level 18 in Fighting
 58007 | Depths:4 | Reached skill level 15 in Necromancy
 58157 | Depths:4 | Noticed Boris
 58166 | Depths:4 | Killed Boris
 58199 | Depths:4 | Reached skill level 14 in Spellcasting
 58761 | Depths:4 | Found a one-way gate to the infinite horrors of the Abyss.
 58787 | Depths:4 | Found a gateway to a ziggurat.
 59221 | Depths:3 | Reached skill level 19 in Fighting
 59336 | Depths:3 | Learned a level 8 spell: Controlled Blink
 59429 | Depths:5 | Entered Level 5 of the Depths
 59582 | Depths:5 | Found a corrupted altar of Lugonu.
 59668 | Depths:5 | Noticed the Enchantress
 59678 | Depths:5 | Killed the Enchantress
 59678 | Depths:5 | Reached skill level 15 in Spellcasting
 60036 | Depths:5 | Reached XP level 25. HP: 231/231 MP: 42/42
 60048 | Depths:5 | Noticed a juggernaut
 60055 | Depths:5 | Noticed Margery
 60060 | Depths:5 | Reached skill level 20 in Fighting
 60061 | Depths:5 | Killed a juggernaut
 60070 | Depths:5 | Reached skill level 4 in Stealth
 60070 | Depths:5 | Cast into level 4 of the Abyss (Margery)
 60418 | Depths:5 | Escaped the Abyss
 60421 | Depths:5 | Reached skill level 5 in Stealth
 60428 | Depths:5 | Killed Margery
 60656 | Depths:5 | Acquired a +1 double sword of electrocution
 61019 | Depths:5 | Reached skill level 11 in Translocations
 61189 | Depths:5 | Found a gate to the Realm of Zot.
 61648 | Hell     | Entered the Vestibule of Hell
 61648 | Hell     | Noticed Geryon
 61776 | Hell     | Reached skill level 6 in Stealth
 61788 | Hell     | Killed Geryon
 61817 | Hell     | Noticed an ancient lich
 61830 | Hell     | Killed an ancient lich
 62001 | Hell     | Found a gateway to the Iron City of Dis.
 62064 | Hell     | Reached skill level 13 in Dodging
 62212 | Hell     | Found a gateway to the decaying netherworld of Tartarus.
 62296 | Hell     | Reached skill level 7 in Stealth
 62333 | Hell     | Found a gateway to the ashen valley of Gehenna.
 62455 | Hell     | Found a gateway to the freezing wastes of Cocytus.
 63343 | Lair:6   | Found a staircase to the Slime Pits.
 63465 | Slime:1  | Entered Level 1 of the Pits of Slime
 63476 | Slime:1  | Gained mutation: Your body often deteriorates upon taking
                  | damage. [a shining eye]
 63477 | Slime:1  | Gained mutation: You occasionally shout uncontrollably at
                  | your foes. [a shining eye]
 63478 | Slime:1  | Gained mutation: You sometimes yell uncontrollably at your
                  | foes. [a shining eye]
 63693 | Slime:2  | Gained mutation: You are frail. (-10% HP) [a shining eye]
 63694 | Slime:2  | Gained mutation: You frequently scream uncontrollably at
                  | your foes. [a shining eye]
 63704 | Slime:2  | Gained mutation: Your magical capacity is low. (-10% MP) [a
                  | shining eye]
 63705 | Slime:2  | Reached skill level 12 in Translocations
 63861 | Slime:3  | Reached skill level 8 in Stealth
 63893 | Slime:4  | Reached XP level 26. HP: 183/215 MP: 7/37
 64057 | Slime:5  | Entered Level 5 of the Pits of Slime
 64161 | Slime:5  | Found a viscous altar of Jiyva.
 64162 | Slime:5  | Noticed the Royal Jelly
 64187 | Slime:5  | Killed the Royal Jelly
 64187 | Slime:5  | Reached skill level 21 in Shields
 64191 | Slime:5  | Reached skill level 9 in Stealth
 64377 | Slime:5  | Got a slimy rune of Zot
 64416 | Slime:5  | Got a slimy lead amulet
 64417 | Slime:5  | Identified the amulet "Deuno" {Reflect rC+ Slay+3 SH+5}
                  | (You found it on level 5 of the Pits of Slime)
 64449 | Slime:5  | Got a twitching amethyst amulet
 64450 | Slime:5  | Identified the amulet of the First Howling Beds {Regen+
                  | Int+5 Dex+2} (You found it on level 5 of the Pits of Slime)
 64891 | Vaults:5 | Entered Level 5 of the Vaults
 64892 | Vaults:5 | Noticed an ancient lich
 64961 | Vaults:5 | Reached skill level 14 in Dodging
 64988 | Vaults:5 | Killed an ancient lich
 65136 | Vaults:5 | Reached skill level 13 in Translocations
 65164 | Vaults:5 | Got a brightly glowing golden ring
 65165 | Vaults:5 | Identified the ring "Kymaiqa" {rPois SInv} (You found it on
                  | level 5 of the Vaults)
 65292 | Vaults:5 | Identified the +3 shadow dragon scales "Susk" {Dex+7
                  | Stlth++++}
 65297 | Vaults:5 | Identified the cursed +1 falchion of Ivuprean {antimagic,
                  | *Noise rF+ Int+4}
 65349 | Vaults:5 | Reached skill level 10 in Stealth
 65962 | Vaults:5 | Reached skill level 11 in Stealth
 65992 | Vaults:5 | Reached skill level 14 in Translocations
 66429 | Vaults:5 | Reached XP level 27. HP: 221/221 MP: 34/37
 66487 | Vaults:5 | Got a silver rune of Zot
 66601 | Vaults:5 | Reached skill level 15 in Dodging
 67173 | D:11     | Acquired 2060 gold pieces
 67194 | D:11     | Learned a level 4 spell: Dispel Undead
 67405 | Zig:1    | Entered Level 1 of a ziggurat
 67421 | Zig:2    | Entered Level 2 of a ziggurat
 67443 | Zig:3    | Entered Level 3 of a ziggurat
 67695 | Zig:3    | Identified the cursed +1 short sword "Iferid" {freeze, MR-
                  | Int+4 Dex+3} (You found it on level 3 of a ziggurat)
 67697 | Zig:3    | Lost mutation: Your body often deteriorates upon taking
                  | damage. [potion of mutation]
 67697 | Zig:3    | Lost mutation: You are frail. (-10% HP) [potion of
                  | mutation]
 67697 | Zig:3    | Lost mutation: Your body sometimes deteriorates upon taking
                  | damage. [potion of mutation]
 67697 | Zig:3    | Lost mutation: You frequently scream uncontrollably at your
                  | foes. [potion of mutation]
 67697 | Zig:3    | Lost mutation: Your magical capacity is low. (-10% MP)
                  | [potion of mutation]
 67697 | Zig:3    | Gained mutation: Your large and strong wings let you fly
                  | indefinitely. [potion of mutation]
 67697 | Zig:3    | Gained mutation: Your body sometimes deteriorates upon
                  | taking damage. [potion of mutation]
 67697 | Zig:3    | Gained mutation: Your flesh is very cold resistant. (rC++)
                  | [potion of mutation]
 67699 | Zig:4    | Entered Level 4 of a ziggurat
 67705 | Zig:4    | Gained mutation: You are weak. (Str -2) [a shining eye]
 67706 | Zig:4    | Gained mutation: Your spells are a little easier to cast,
                  | but a little less powerful. [a shining eye]
 67728 | Zig:5    | Entered Level 5 of a ziggurat
 67735 | Zig:5    | Reached skill level 22 in Shields
 67847 | Zig:5    | Reached skill level 15 in Translocations
 67851 | Zig:6    | Entered Level 6 of a ziggurat
 67884 | Zig:6    | Identified the amulet "Qazosil" {Reflect Int+5 Dex+3 SH+5}
                  | (You found it on level 6 of a ziggurat)
 67891 | Zig:7    | Entered Level 7 of a ziggurat
 67909 | Zig:7    | Reached skill level 12 in Stealth
 68061 | Zig:8    | Entered Level 8 of a ziggurat
 68284 | Zig:9    | Entered Level 9 of a ziggurat
 68382 | Zig:10   | Entered Level 10 of a ziggurat
 68400 | Zig:10   | Reached skill level 16 in Translocations
 68551 | Zig:10   | Reached skill level 17 in Translocations
 68562 | Zig:11   | Entered Level 11 of a ziggurat
 68572 | Zig:11   | Noticed a greater mummy
 68579 | Zig:11   | Killed a greater mummy
 68682 | Zig:11   | Identified the +1 short sword of Qoyta {pain, rElec MR+}
                  | (You found it on level 11 of a ziggurat)
 68693 | Zig:12   | Entered Level 12 of a ziggurat
 68707 | Zig:12   | Reached skill level 15 in Earth Magic
 68833 | Zig:12   | Identified Sif Muna's Almanac of Toxic Black Secrets
 68852 | Zig:13   | Entered Level 13 of a ziggurat
 68887 | Zig:13   | Reached skill level 16 in Earth Magic
 69143 | Zig:13   | Found the -2 hat of the Alchemist {rElec rPois rF+ rC+ rN+
                  | MR+ rMut rCorr}
 69183 | Zig:13   | Identified the Catalogue of the Eel
 69204 | Zig:14   | Entered Level 14 of a ziggurat
 69248 | Zig:14   | Noticed a greater mummy
 69261 | Zig:14   | Killed a greater mummy
 69275 | Zig:14   | Noticed a greater mummy
 69284 | Zig:14   | Killed a greater mummy
 69284 | Zig:14   | Reached skill level 17 in Earth Magic
 69459 | Zig:14   | Learned a level 9 spell: Shatter
 69461 | Zig:14   | Identified the +5 long sword of the Shouting Butterfly
                  | {venom, +Blink Str-2 Int+4} (You found it on level 14 of a
                  | ziggurat)
 69498 | Zig:15   | Entered Level 15 of a ziggurat
 69518 | Zig:15   | Reached skill level 18 in Earth Magic
 69544 | Zig:15   | Identified Sif Muna's Papyrus of Dusty Changing
 69551 | Zig:15   | Identified Sif Muna's Almanac of Creative Flight
 69563 | Zig:15   | Acquired a book of Geomancy
 69575 | Zig:15   | Identified the +8 short sword "Pina" {speed, +Rage rPois
                  | Str+7} (You found it on level 15 of a ziggurat)
 69580 | Zig:16   | Entered Level 16 of a ziggurat
 69610 | Zig:16   | Found the +3 robe of Clouds {+Thunder rCloud rElec}
 69628 | Zig:16   | Found the amulet of Vitality {Regen+ HP+15}
 69636 | Zig:16   | Reached skill level 19 in Earth Magic
 70017 | Zig:16   | Identified the Reference Book on Shifting Weightlessness
 70024 | Zig:16   | Identified the +7 short sword of the Lesser Evil {speed,
                  | +Rage rF+ Str+4} (You found it on level 16 of a ziggurat)
 70034 | Zig:16   | Reached skill level 20 in Earth Magic
 70061 | Zig:17   | Entered Level 17 of a ziggurat
 70086 | Zig:17   | Reached skill level 21 in Earth Magic
 70115 | Zig:17   | Found the +0 staff of Battle
 70122 | Zig:17   | Identified Jaaxu's Incunabulum of Supportive Flames
 70127 | Zig:17   | Identified the cursed -6 pair of boots of the Wary Olives
                  | {rC+} (You found it on level 17 of a ziggurat)
 70132 | Zig:17   | Identified the Tome of Translocation and Conjuration
 70261 | Zig:18   | Entered Level 18 of a ziggurat
 70282 | Zig:18   | Noticed an ancient lich
 70283 | Zig:18   | Noticed an ancient lich
 70285 | Zig:18   | Noticed an ancient lich
 70285 | Zig:18   | Killed an ancient lich
 70285 | Zig:18   | Killed an ancient lich
 70285 | Zig:18   | Reached skill level 22 in Earth Magic
 70298 | Zig:18   | Killed an ancient lich
 70430 | Zig:18   | Reached skill level 23 in Earth Magic
 70431 | Zig:18   | Identified the Compendium of Flying Transformation
 70438 | Zig:18   | Identified the amulet "Lewuxaph" {Reflect Str+9 Int+3 Dex-4
                  | Slay+2 SH+5} (You found it on level 18 of a ziggurat)
 70441 | Zig:19   | Entered Level 19 of a ziggurat
 70709 | Zig:19   | Found the +2 hood of the Assassin {Detection Stab+ Stlth++}
 70721 | Zig:19   | Identified Eciamm's Compendium of Changing and Flames
 70735 | Zig:19   | Identified the amulet of Uskayaw's Fury {rN++ Regen+ Int+3
                  | Dex-2} (You found it on level 19 of a ziggurat)
 70764 | Zig:20   | Entered Level 20 of a ziggurat
 70773 | Zig:20   | Noticed Iwoeteer the pandemonium lord
 70774 | Zig:20   | Noticed Commutucs the pandemonium lord
 70776 | Zig:20   | Noticed Enihiemn the pandemonium lord
 70779 | Zig:20   | Noticed Luapn the pandemonium lord
 70779 | Zig:20   | Noticed Axeskep the pandemonium lord
 70780 | Zig:20   | Noticed Keamutoh the pandemonium lord
 70780 | Zig:20   | Noticed Ginn the pandemonium lord
 70780 | Zig:20   | Noticed Qirch the pandemonium lord
 70780 | Zig:20   | Noticed Ceith the pandemonium lord
 70780 | Zig:20   | Noticed Surepi Vyeji the pandemonium lord
 70780 | Zig:20   | Noticed Mul Cus the pandemonium lord
 70806 | Zig:20   | Killed Luapn the pandemonium lord
 70815 | Zig:20   | Killed Ceith the pandemonium lord
 70815 | Zig:20   | Reached skill level 24 in Earth Magic
 70815 | Zig:20   | Killed Qirch the pandemonium lord
 70816 | Zig:20   | Killed Iwoeteer the pandemonium lord
 70827 | Zig:20   | Killed Enihiemn the pandemonium lord
 70832 | Zig:20   | Killed Commutucs the pandemonium lord
 70832 | Zig:20   | Reached skill level 16 in Spellcasting
 70835 | Zig:20   | Killed Mul Cus the pandemonium lord
 70842 | Zig:20   | Killed Surepi Vyeji the pandemonium lord
 70846 | Zig:20   | Killed Ginn the pandemonium lord
 70850 | Zig:20   | Killed Keamutoh the pandemonium lord
 70854 | Zig:20   | Killed Axeskep the pandemonium lord
 71055 | Zig:20   | Reached skill level 16 in Evocations
 71134 | Zig:20   | Learned a level 5 spell: Irradiate
 71140 | Zig:21   | Entered Level 21 of a ziggurat
 71162 | Zig:21   | Reached skill level 17 in Evocations
 71162 | Zig:21   | Reached skill level 17 in Spellcasting
 71341 | Zig:21   | Found the +7 pair of quick blades "Gyre" and "Gimble"
                  | {protect}
 71342 | Zig:21   | Found the +8 storm bow {elec, penet}
 71510 | Zig:22   | Entered Level 22 of a ziggurat
 71531 | Zig:22   | Reached skill level 18 in Evocations
 71584 | Zig:22   | Killed from afar by a Brimstone Fiend

Illustrated notes

Levels and vault maps discovered:
D:1:      ebering_hopf_link, layout_rooms, minmay_pentomino_u2
D:2:      layout_loops_ring, zin_academy, roderic_lattice_a
D:3:      layout_loops_ring, uniq_ijyb
D:4:      layout_loops_ring, serial_shops, shop, kennysheep_opposing_triangles
D:5:      layout_basic, nicolae_dithmenos_the_darkroom,
          chequers_serial_rivers_room_b, serial_park_tiny_pond, uniq_pikel,
          uniq_eustachio
D:6:      layout_cave_pools, minmay_temple_entry_poolview, chequers_big_river
D:7:      layout_loops_ring, nemelex_xobeh_ov_fountains_minmay,
          overflow_temple_1_default, guppyfry_shop_venom
D:8:      layout_layer_cave, lemuel_zombie_altar_yredelemnul,
          trog_ov_bears_minmay, marbit_many_paths, uniq_gastronok
D:9:      layout_irregular_city, nicolae_overflow_hidden_temple, minitemple,
          okawaru_humans, fedhas_altar_fruit_tree
D:10:     layout_rooms, erik_lair_orcish_takeover, lightli_wizard_tower
D:11:     layout_stronghold, kennysheep_orc_monster_closet_entryway,
          gauntlet_entry_generic, mrwooster_statue_mirror, uniq_fannar,
          uniq_psyche, uniq_harold, uniq_erica
D:12:     layout_loops_ring, minmay_misc_feat_plants, hangedman_decor_riveting,
          kennysheep_generic_room_3, uniq_jorgrun
D:13:     minmay_s_stair_smasher, layout_loops_corners,
          ximxim_vaults_locker_room, chequers_jeans, uniq_sonja
D:14:     nzn_motion_control, layout_irregular_city, gammafunk_ghost_icy,
          basic_altar, basic_altar
D:15:     gammafunk_depths_entry_grave, layout_irregular_city, uniq_josephine,
          uniq_roxanne
Temple:   cyrus_temple_forest
Lair:1:   layout_misc_corridors
Lair:2:   layout_loops_ring
Lair:3:   layout_misc_corridors, nicolae_volcano_entry_hallway,
          dpeg_stationary_puzzle
Lair:4:   layout_gridlike, minmay_swamp_entry_reptiles,
          minmay_snake_entry_guardpost_large, lemuel_fruit_tree,
          infiniplex_staircase_pool_2
Lair:5:   layout_loops_ring, uniq_kirke, uniq_nessos
Lair:6:   grunt_lair_end_beastmaster, layout_regular_city,
          minmay_slime_entry_oklob_enclosed, portal_ice_cave_entry_imps
Swamp:1:  layout_basic_swamp, lemuel_altar_in_water, swamp_pool4,
          grunt_witch_cave
Swamp:2:  layout_basic_swamp, hangedman_swamp_blocks, swamp_pool2,
          hangedman_swamp_ravenous
Swamp:3:  layout_basic_swamp, nicolae_swamp_very_dense_foliage
Swamp:4:  swamp_old_school, layout_basic_swamp
Snake:1:  layout_onion_interference
Snake:2:  kennysheep_six_static_rooms, layout_misc_corridors, uniq_vashnia
Snake:3:  layout_layer_cave
Snake:4:  snake_pit, layout_cave_town, serial_shops, freezing_bzr,
          nicolae_snake_squiggles, fake_guardian_serpent_vault
Slime:1:  layout_caves, nicolae_slime_ancient_tower_intersection
Slime:2:  layout_caves
Slime:3:  layout_caves
Slime:4:  layout_caves
Slime:5
Orc:1:    layout_caves, basic_altar
Orc:2:    st_orc_mages, layout_diamond_mine, nicolae_alphabet_shops,
          minmay_orc_treasury, uniq_maurice
Elf:1:    minmay_elf_arrival_summoners, layout_loops_cross, serial_shops, shop,
          basic_altar, hangedman_elf_represent, uniq_agnes, uniq_donald,
          uniq_asterion
Elf:2:    layout_geoelf_octagon, basic_altar, serial_shops, nicolae_shop_trees,
          uniq_nikola
Elf:3:    minmay_elf_hall_dome, layout_geoelf_grid, uniq_louise
Vaults:1: vaults_dpeg_spiral, ontoclasm_vaults_twist, hangedman_vaults_trim,
          nicolae_vaults_back_hallway, nicolae_vaults_specimen_jars,
          v_alt_pattern_1, ontoclasm_vaults_ring_square, vaults_room_corners,
          nicolae_vaults_yaktaur_gun_rack, vaults_dpeg_diagonal, v_misc_15,
          hangedman_vaults_stagger, vaults_room_fours, ontoclasm_vaults_gateway,
          vaults_room_ringed_pool, vaults_room_door_hall,
          nicolae_vaults_quartermaster, vaults_mumra_lcd, layout_vaults_maze
Vaults:2: dpeg_vaults_monster_box, kb_rosetta, ontoclasm_vaults_bender,
          minmay_crypt_entry_necro_gods, grunt_vaults_bifocal, v_pattern_3,
          vaults_mumra_chevron_long, nicolae_vaults_what_the_h,
          nicolae_vaults_sealed_display, vaults_room_pool,
          ontoclasm_vaults_loading_screen, nicolae_vaults_little_squares_3,
          hangedman_vaults_cutoff, layout_vaults_omnicross, basic_altar
Vaults:3: grunt_vaults_hallway_short, nicolae_vaults_little_squares_5,
          nicolae_vaults_stairing_the_circle, v_alt_pattern_4, vaults_room_grid,
          nicolae_vaults_network_barrier, grunt_vaults_hallway_short,
          ontoclasm_vaults_chip, vaults_dpeg_hooks, layout_vaults_chaotic_city,
          serial_shops, nicolae_shop_trees, uniq_frederick
Vaults:4: gammafunk_vaults_ghost_crypt, nicolae_vaults_little_squares_1,
          v_alt_pattern_1, v_misc_30, ontoclasm_vaults_chip,
          hangedman_vaults_trim, hangedman_vaults_cutoff,
          hangedman_vaults_nails, v_pattern_4, vaults_room_door_ring,
          layout_vaults_omnigrid, uniq_boris, uniq_jory
Vaults:5
Depths:1: layout_cave_pools, kennysheep_decorative_pillar,
          hangedman_tar_grid_catacomb, kilobyte_mutagenic_chamber,
          uniq_bai_suzhen
Depths:2: grunt_profane_halls [grunt_profane_temple_geh,
          grunt_profane_temple_dis, grunt_profane_temple_coc,
          grunt_profane_temple_tar, grunt_profane_loot], pan_entry, hell_entry
Depths:3: minmay_nested_s, layout_basic, rand_demon_pan_entry_7, hell_entry,
          minmay_swirly_circle, infiniplex_staircase_zigzag_4
Depths:4: hangedman_elemental_death_ray, layout_cave_pools, enter_ziggurat_c,
          hangedman_decor_points, grunt_hell_entry_dis_old,
          nicolae_abyss_entry_one_way_or_another
Depths:5: evilmike_zot_entry_hall, layout_small_grid, minmay_hedge_maze,
          hangedman_coc_ice_floe, abyss_entry_flame_altar,
          minmay_strange_pillars, uniq_enchantress, uniq_margery
Hell
Zig:22:   ziggurat_pillar_centre_dead_trees, ziggurat_pillar_centre_dead_trees,
          ziggurat_pillar_centre_dead_trees, ziggurat_pillar_centre_dead_trees

Skill      XL: |  1  2  3  4  5  6  7  8  9 10 11 12 13 14 15 16 17 18 19 20 21 22 23 24 25 26 27 |
---------------+----------------------------------------------------------------------------------+-----
Stealth        | 2 3 8 11 12 | 12.5
Fighting       | 5 6 8 10 11 13 15 16 17 19 20 | 20.0
Long Blades    | 4 5 7 9 11 13 14 | 14.0
Shields        | 3 4 6 8 9 10 14 15 16 17 18 20 21 22 | 22.3
Invocations    | 1 5 8 9 10 12 13 15 | 15.0
Dodging        | 4 9 10 11 12 13 14 15 | 15.0
Evocations     | 5 6 11 12 13 14 15 18 | 18.8
Translocations | 5 6 8 10 12 14 17 | 17.2
Transmutations | 6 9 10 | 10.0
Earth Magic    | 6 9 12 13 14 24 | 24.0
Spellcasting   | 3 6 7 9 10 11 13 15 17 | 17.7
Necromancy     | 4 7 8 11 14 15 | 15.0

Action                   |  1- 3 |  4- 6 |  7- 9 | 10-12 | 13-15 | 16-18 | 19-21 | 22-24 | 25-27 || total
-------------------------+-------+-------+-------+-------+-------+-------+-------+-------+-------++-------
Melee: Falchion          |    88 |   195 |   312 |       |       |       |       |       |       ||   595
       Tailslap          |     8 |    18 |    37 |   133 |   352 |   387 |   357 |   411 |   526 ||  2229
       Long sword        |       |       |    32 |     7 |       |       |       |       |     1 ||    40
       Scimitar          |       |       |       |   546 |  1199 |  1212 |  1159 |  1200 |   476 ||  5792
       Demon blade       |       |       |       |       |       |       |       |       |  1154 ||  1154
Throw: Dart              |       |     6 |    20 |    17 |    11 |       |       |       |       ||    54
       Boomerang         |       |     3 |    65 |    65 |    44 |    94 |       |       |       ||   271
       Throwing net      |       |       |       |       |       |       |       |       |     4 ||     4
 Cast: Statue Form       |       |       |       |       |       |    39 |    79 |    80 |    94 ||   292
       Lesser Beckoning  |       |       |       |       |       |       |     2 |     1 |    15 ||    18
       Borgnjor's Vile C |       |       |       |       |       |       |     1 |     1 |    10 ||    12
       Passwall          |       |       |       |       |       |       |     1 |       |       ||     1
       Apportation       |       |       |       |       |       |       |       |       |     1 ||     1
       Shatter           |       |       |       |       |       |       |       |       |    19 ||    19
       Controlled Blink  |       |       |       |       |       |       |       |       |    10 ||    10
       Irradiate         |       |       |       |       |       |       |       |       |     3 ||     3
       Passage of Golubr |       |       |       |       |       |       |       |       |     1 ||     1
Invok: Bend Time         |       |       |       |     3 |     2 |     2 |       |     1 |       ||     8
       Slouch            |       |       |       |     6 |    19 |    23 |    20 |    24 |    21 ||   113
       Temporal Distorti |       |       |       |       |       |       |       |     1 |     6 ||     7
       Step From Time    |       |       |       |       |       |       |       |       |     1 ||     1
 Abil: Breathe Frost     |       |       |     8 |     2 |       |       |       |       |       ||    10
       End Transformatio |       |       |       |       |       |     1 |       |       |     1 ||     2
       Evoke Blink       |       |       |       |       |       |       |       |       |     9 ||     9
Evoke: Wand              |       |       |     6 |    15 |     5 |     9 |       |     6 |    28 ||    69
       Condenser vane    |       |       |       |     3 |     5 |     8 |     4 |     5 |    21 ||    46
       Tin of tremorston |       |       |       |       |     6 |    11 |     1 |     5 |    29 ||    52
       Box of beasts     |       |       |       |       |       |       |       |       |     5 ||     5
       Phantom mirror    |       |       |       |       |       |       |       |       |     1 ||     1
  Use: Scroll            |       |     2 |     4 |    21 |    19 |     9 |     6 |     7 |    54 ||   122
       Potion            |       |       |       |     4 |       |     1 |       |     1 |    32 ||    38
 Stab: Sleeping          |     4 |     7 |     4 |    14 |     9 |     9 |     5 |     1 |     2 ||    55
       Distracted        |       |       |     1 |     1 |     7 |     3 |     1 |     3 |       ||    16
       Confused          |       |       |       |     1 |    10 |       |       |       |       ||    11
       Paralysed         |       |       |       |       |       |       |       |       |     2 ||     2
Armor: Skin              |    27 |    96 |   123 |    87 |   162 |   249 |   264 |   479 |   726 ||  2213
Dodge: Dodged            |    47 |   115 |    74 |   117 |   421 |   773 |   707 |   949 |  1667 ||  4870
       Repelled          |       |       |       |       |       |    35 |    27 |    21 |    62 ||   145
Block: Tower shield      |       |    68 |   168 |   446 |  1348 |  1243 |  1631 |  2107 |  3632 || 10643
       Kite shield       |       |       |       |       |       |   321 |       |       |       ||   321
       Rpst.: Falchion   |    15 |    39 |    17 |       |       |       |       |       |       ||    71
       Long sword        |       |       |     2 |       |       |       |       |       |     1 ||     3
       Scimitar          |       |       |       |    28 |    95 |   120 |   132 |   153 |    77 ||   605
       Demon blade       |       |       |       |       |       |       |       |       |   180 ||   180

Table legend: (Time is in decaauts)
 A = Elapsed time spent in this place.
 B = Non-inter-level travel time spent in this place.
 C = Inter-level travel time spent in this place.
 D = Time resting spent in this place.
 E = Time spent auto-exploring this place.
 F = Levels seen in this place.
 G = Mean time per level.
                   A        B        C        D        E       F      G
               +--------+--------+--------+--------+--------+-----+--------+
         Total | 106746 |  96955 |   9791 |   7563 |  65772 |  79 | 1351.2 |
       Dungeon |  24933 |  20929 |   4004 |    898 |  15929 |  15 | 1662.2 |
        Temple |     95 |     47 |     48 |      0 |      0 |   1 |   95.0 |
          Lair |   9474 |   8183 |   1291 |    577 |   6418 |   6 | 1579.0 |
         Swamp |   8089 |   7660 |    429 |   1403 |   5338 |   4 | 2022.2 |
     Snake Pit |   7240 |   6941 |    299 |      0 |   5500 |   4 | 1810.0 |
    Slime Pits |   1441 |   1348 |     93 |    649 |     61 |   5 |  288.2 |
  Orcish Mines |   3533 |   3047 |    486 |    332 |   1804 |   2 | 1766.5 |
   Elven Halls |   6510 |   5908 |    602 |      0 |   4202 |   3 | 2170.0 |
        Vaults |  16579 |  15214 |   1365 |    156 |  11480 |   5 | 3315.8 |
        Depths |  16757 |  15633 |   1124 |    802 |  11463 |   5 | 3351.4 |
          Hell |   1557 |   1510 |     47 |     49 |    748 |   1 | 1557.0 |
         Abyss |   1092 |   1092 |      0 |    327 |     15 |   2 |  546.0 |
      Ziggurat |   6089 |   6089 |      0 |   1840 |    910 |  22 |  276.8 |
        Bazaar |    215 |    215 |      0 |      0 |    142 |   1 |  215.0 |
      Ice Cave |   1285 |   1285 |      0 |    328 |    659 |   1 | 1285.0 |
       Volcano |    334 |    334 |      0 |     98 |      0 |   1 |  334.0 |
      Gauntlet |   1516 |   1516 |      0 |    100 |   1097 |   1 | 1516.0 |
               +--------+--------+--------+--------+--------+-----+--------+

Top non-repeatable levels by time:
Depths:3: 5243 daAuts
Depths:2: 4104 daAuts
Vaults:5: 3712 daAuts
Vaults:2: 3658 daAuts
Vaults:4: 3466 daAuts
    D:13: 3459 daAuts
Depths:5: 3409 daAuts
Vaults:3: 2920 daAuts
Vaults:1: 2822 daAuts
    D:11: 2723 daAuts
 Swamp:2: 2523 daAuts
  Lair:6: 2455 daAuts
 Snake:3: 2445 daAuts
 Swamp:4: 2377 daAuts
Depths:4: 2306 daAuts
